 Dungeon Crawl Stone Soup version 0.29.1-12-g30fa7ad0bf (webtiles) character file.

Game seed: 14824059696562912353

13826 funkygono the Thaumaturge (level 11, -5/70 HPs)
             Began as a Demonspawn Fire Elementalist on Dec 31, 2022.
             Was an Elder of Vehumet.
             Slain by a seven-headed hydra (6 damage)
             ... while petrified by a basilisk
             ... on level 12 of the Dungeon.
             The game lasted 00:23:58 (10569 turns).

funkygono the Thaumaturge (DsFE)                   Turns: 10569, Time: 00:23:58

Health: -5/70      AC: 12    Str: 18    XL:     11   Next: 80%
Magic:  26/26      EV:  2    Int: 31    God:    Vehumet [****..]
Gold:   1158       SH:  0    Dex: 17    Spells: 6/32 levels left

rFire   . . .      SeeInvis .   e - +1 whip (protect)
rCold   . . .      Faith    .   (no shield)
rNeg    + + +      Spirit   .   M - +2 robe of Terror {Str+4 Int+2}
rPois   ∞          Reflect  .   (helmet restricted)
rElec   .          Harm     .   c - +0 cloak
rCorr   +          Rampage  .   (no gloves)
Will    .....                   w - +2 pair of boots
Stlth   +++.......              n - amulet of magic regeneration
HPRegen 0.21/turn               f - +4 ring of protection
MPRegen 0.60/turn               x - ring "Ysarueso" {rPois Will- rCorr Str+6 Int+9}

@: petrified
A: horns 2, thin skeletal structure 1, powered by death 2, demonic magic 2
a: Renounce Religion


You were on level 12 of the Dungeon.
You worshipped Vehumet.
Vehumet was greatly pleased with you.
You visited 1 branch of the dungeon, and saw 12 of its levels.

You collected 1203 gold pieces.
You spent 45 gold pieces at shops.

Inventory:

Hand Weapons
 e - a +1 whip of protection (weapon)
 i - a +0 whip of electrocution
 B - a +1 vorpal flail
 D - a +3 whip
Missiles
 H - 2 throwing nets
Armour
 a - a +0 robe
 c - a +0 cloak (worn)
 q - a +0 leather armour
 w - a +2 pair of boots (worn)
 K - a +2 scale mail of cold resistance
 M - the +2 robe of Terror (worn) {Str+4 Int+2}
   (You found it on level 8 of the Dungeon)

   Str:       It affects your strength (+4).
   Int:       It affects your intelligence (+2).
 P - +0 acid dragon scales
 Q - a scarf of resistance
 R - +0 steam dragon scales
 X - a +0 troll leather armour
Jewellery
 f - a +4 ring of protection (left hand)
 k - a ring of ice
 n - an amulet of magic regeneration (around neck)
 p - an amulet of guardian spirit
 v - a ring of protection from cold
 x - the ring "Ysarueso" (right hand) {rPois Will- rCorr Str+6 Int+9}
   (You found it on level 3 of the Dungeon)

   [ring of strength]

   Str:       It affects your strength (+6).
   Int:       It affects your intelligence (+9).
   rPois:     It protects you from poison.
   rCorr:     It protects you from acid and corrosion.
   Will:      It decreases your willpower.
 A - an amulet of reflection
 E - a +4 ring of slaying
 F - a ring of magical power
 T - a ring of see invisible
 U - a ring of wizardry
 W - a ring of positive energy
Wands
 j - a wand of polymorph (11)
 C - a wand of digging (11)
 G - a wand of paralysis (10)
 I - a wand of light (18)
 N - a wand of flame (8)
Scrolls
 d - 3 scrolls of vulnerability
 g - 6 scrolls of amnesia
 o - a scroll of torment
 y - 2 scrolls of teleportation
 L - 3 scrolls of brand weapon
 O - 3 scrolls of silence {unknown}
 S - 5 scrolls of identify
 V - a scroll of blinking
Potions
 b - a potion of magic
 h - a potion of cancellation {unknown}
 l - 2 potions of attraction {unknown}
 m - 5 potions of invisibility
 r - a potion of mutation {unknown}
 s - 4 potions of heal wounds {unknown}
 t - a potion of haste {unknown}
 u - 3 potions of lignification
 z - 4 potions of curing
 J - a potion of flight {unknown}


   Skills:
 + Level 1.2 Fighting
 + Level 2.1 Maces & Flails
 + Level 3.0 Dodging
 - Level 1.7 Stealth
 + Level 11.3 Spellcasting
 + Level 7.4 Conjurations
 + Level 1.3 Transmutations
 + Level 10.4 Fire Magic
 * Level 5.4 Poison Magic


You had 6 spell levels left.
You knew the following spells:

 Your Spells              Type           Power      Damage    Failure   Level
a - Foxfire               Conj/Fire      100%       2x1d9     1%          1
b - Scorch                Fire           100%       2d10      1%          2
c - Conjure Flame         Conj/Fire      64%        6-21      1%          3
d - Flame Wave            Conj/Fire      64%        2d15      1%          4
e - Sandblast             Erth           34%        2d9       1%          1
f - Mephitic Cloud        Conj/Pois/Air  44%        N/A       1%          3
g - Ignite Poison         Fire/Tmut/Pois 52%        N/A       1%          3
h - Fireball              Conj/Fire      32%        3d14      1%          5
i - Olgreb's Toxic Radia  Pois           50%        N/A       1%          4

Your spell library contained the following spells:

 Spells                   Type           Power      Damage    Failure   Level
 Yara's Violent Unravell  Hex/Tmut       10%        3d6       16%         5
 Poisonous Vapours        Pois/Air       68%        N/A       1%          2
 Static Discharge         Conj/Air       40%        3-8/arc   1%          2
 Inner Flame              Hex/Fire       49%        N/A       1%          3
 Sticky Flame             Conj/Fire      64%        2d8       1%          4
 Iskenderun's Battlesphe  Conj           59%        2d11      1%          5
 Slow                     Hex            68%        N/A       2%          1
 Summon Small Mammal      Summ           68%        N/A       2%          1
 Call Canine Familiar     Summ           17%        N/A       9%          3
 Confusing Touch          Hex            17%        N/A       9%          3
 Lesser Beckoning         Tloc           17%        N/A       9%          3
 Ozocubu's Armour         Ice            17%        N/A       9%          3
 Summon Guardian Golem    Hex/Summ       17%        N/A       9%          3
 Vampiric Draining        Necr           17%        2d7       9%          3
 Corpse Rot               Necr/Pois/Air  28%        N/A       13%         4
 Alistair's Intoxication  Tmut/Pois      25%        N/A       21%         5
 Conjure Ball Lightning   Conj/Air       20%        3x3d6     24%         6
 Cause Fear               Hex            8%         N/A       28%         4
 Dispel Undead            Necr           17%        3d10      28%         4
 Manifold Assault         Tloc           17%        N/A       61%         5
 Metabolic Englaciation   Hex/Ice        8%         N/A       61%         5
 Simulacrum               Ice/Necr       8%         N/A       99%         6
 Orb of Destruction       Conj           29%        9d9       28%         7
 Discord                  Hex            8%         N/A       100%        8


Dungeon Overview and Level Annotations

Branches:
Dungeon (12/15)            Temple (0/1) D:5            Lair (0/5) D:10
    Orc (0/2) D:12

Altars:
Ashenzari
Cheibriados
Gozag
Hepliaklqana
Ru
Uskayaw
Vehumet
Xom
Yredelemnul

Shops:
D:3 *   D:7 :   D:11 *

Portals:
Trove: D:10 (give +3 storm dragon scales)

Annotations:
D:10 2 transporters


Innate Abilities, Weirdness & Mutations

You have a pair of horns on your head.
You have a somewhat thin skeletal structure. (Dex +2, Stealth+)
You regenerate health from kills.
Spells you cast may paralyse nearby enemies.


Message History

Confirm with . or Enter, or press ? or * to list all spells.
You begin to radiate toxic energy.
The basilisk is poisoned.
Malevolent energies surge around you.
The seven-headed hydra roars!
The basilisk looks even sicker.
The basilisk gazes at you.
Your limbs have turned to stone.
You have turned to stone.
Your toxic aura wanes.
The seven-headed hydra bites you but does no damage.
The seven-headed hydra bites you. x2
The seven-headed hydra bites you but does no damage. x4
The seven-headed hydra bites you but does no damage.
The seven-headed hydra bites you! The seven-headed hydra bites you. x2
The seven-headed hydra bites you! x3
The basilisk bites you. The seven-headed hydra bites you!
The seven-headed hydra bites you. x2; The seven-headed hydra bites you!
The seven-headed hydra bites you.
The seven-headed hydra bites you but does no damage.
The seven-headed hydra bites you. The basilisk barely misses you.
The seven-headed hydra bites you but does no damage. x2
The seven-headed hydra bites you. The seven-headed hydra bites you!
The seven-headed hydra bites you.
* * * LOW HITPOINT WARNING * * *
The seven-headed hydra bites you!
* * * LOW HITPOINT WARNING * * *
The seven-headed hydra bites you!
* * * LOW HITPOINT WARNING * * *
The basilisk bites you.
* * * LOW HITPOINT WARNING * * *
The seven-headed hydra bites you but does no damage.
The seven-headed hydra barely misses you.
The seven-headed hydra bites you!
* * * LOW HITPOINT WARNING * * *
The seven-headed hydra bites you.
* * * LOW HITPOINT WARNING * * *
The seven-headed hydra bites you.
* * * LOW HITPOINT WARNING * * *
The seven-headed hydra bites you!
You die...

#######. #.........#
##....<.. #.........##
#.......)
#...........####.......
##.........#.......)....
...........######.......
#.........# #.......
#....lD...# #####.#(
#....:@...# ##..
######.#### ###.. #...#
##...# #######.## #..###
#........# ####.####
#........# #........
#........### #........
#..........###........
#........#..##........


You could see a seven-headed hydra and a basilisk (poisoned).

Vanquished Creatures
  Nessos (D:12)
  3 two-headed ogres
  Lodul (D:11)
  An ugly thing (D:11)
  2 cyclopes
  An elephant (D:10)
  2 gargoyles
  An unseen horror (D:11)
  2 trolls
  Prince Ribbit (D:9)
  Sigmund (D:5)
  A wraith (D:11)
  4 wyverns
  14 yaks
  A basilisk (D:10)
  4 steam dragons
  A vampire mosquito (D:10)
  Menkaure (D:5)
  2 acid dragons
  2 water moccasins
  An orc warrior (D:5)
  A black bear (D:10)
  2 ice beasts
  A sky beast (D:8)
  11 ogres
  4 centaurs
  A kobold brigand (D:9)
  4 gnoll sergeants
  A bullfrog (D:9)
  2 scorpions
  9 killer bees
  3 howler monkeys
  2 jellies
  3 hounds
  A gnoll bouda (D:7)
  4 orc priests
  2 iguanas (D:5)
  9 orc wizards
  23 gnolls
  7 adders
  A shadow imp (D:7)
  3 white imps
  2 ufetubi
  2 worms (D:2)
  2 dart slugs
  33 orcs
  13 endoplasms
  2 giant cockroaches (D:1)
  3 hobgoblins
  8 jackals
  5 quokkas
  5 ball pythons
  5 bats
  A frilled lizard (D:3)
  A goblin (D:4)
  8 kobolds
  3 rats
234 creatures vanquished.

Vanquished Creatures (collateral kills)
  8 foxfires
8 creatures vanquished.

Vanquished Creatures (others)
  691 foxfires
  A fungus (D:10)
  11 plants
703 creatures vanquished.

Grand Total: 945 creatures vanquished

Notes
Turn   | Place    | Note
-------+----------+-------------------------------------------
     0 | D:1      | funkygono the Demonspawn Fire Elementalist began the quest
                  | for the Orb.
     0 | D:1      | Reached XP level 1. HP: 13/13 MP: 3/3
   257 | D:1      | Gained mutation: You regenerate a little health from kills.
                  | [demonic ancestry]
   257 | D:1      | Reached XP level 2. HP: 19/19 MP: 3/5
   260 | D:1      | Learned a level 2 spell: Scorch
   989 | D:2      | Reached XP level 3. HP: 21/24 MP: 1/6
  1965 | D:3      | Found Buiczufu's General Store.
  2019 | D:3      | Gained mutation: You have a pair of small horns on your
                  | head. [demonic ancestry]
  2019 | D:3      | Reached XP level 4. HP: 30/30 MP: 5/7
  2255 | D:3      | You fall into a shaft and drop 1 floor!
  2535 | D:3      | Found a faded altar of an unknown god.
  2566 | D:3      | Found a radiant altar of Vehumet.
  2592 | D:3      | Identified the ring "Ysarueso" {rPois Will- rCorr Str+6
                  | Int+9}
  2602 | D:3      | Learned a level 3 spell: Conjure Flame
  2778 | D:4      | Reached skill level 3 in Spellcasting
  2888 | D:4      | Found a basalt altar of Yredelemnul.
  2930 | D:4      | Found a snail-covered altar of Cheibriados.
  2937 | D:4      | Gained mutation: You have a somewhat thin skeletal
                  | structure. (Dex +2, Stealth+) [demonic ancestry]
  2937 | D:4      | Reached XP level 5. HP: 35/35 MP: 6/9
  3057 | D:4      | Gained mutation: Spells you cast may paralyse adjacent
                  | enemies. [demonic ancestry]
  3057 | D:4      | Reached XP level 6. HP: 39/41 MP: 9/11
  3142 | D:4      | Found a sacrificial altar of Ru.
  3457 | D:3      | Became a worshipper of Vehumet
  3481 | D:4      | Learned a level 4 spell: Flame Wave
  3555 | D:3      | Bought a +0 cloak for 45 gold pieces
  3622 | D:5      | Entered Level 5 of the Dungeon
  3636 | D:5      | Noticed an orc warrior
  3861 | D:5      | Killed an orc warrior
  3862 | D:5      | Reached skill level 4 in Spellcasting
  3862 | D:5      | Reached skill level 5 in Fire Magic
  3949 | D:5      | Gained mutation: Spells you cast may paralyse nearby
                  | enemies. [demonic ancestry]
  3949 | D:5      | Reached XP level 7. HP: 47/47 MP: 10/13
  3960 | D:5      | Noticed Sigmund
  3967 | D:5      | Killed Sigmund
  4008 | D:5      | Found a shimmering altar of Xom.
  4054 | D:5      | Found a staircase to the Ecumenical Temple.
  4076 | D:5      | Reached * piety under Vehumet
  4076 | D:5      | Offered knowledge of Freeze by Vehumet.
  4119 | D:5      | Noticed a wyvern
  4132 | D:5      | Killed a wyvern
  4133 | D:5      | Reached skill level 5 in Spellcasting
  4227 | D:5      | Noticed Menkaure
  4236 | D:5      | Killed Menkaure
  4237 | D:5      | Reached XP level 8. HP: 53/53 MP: 12/16
  4953 | D:6      | Reached skill level 6 in Spellcasting
  5667 | D:7      | Found Berafe Lyag's Tremendous Tomes.
  5799 | D:7      | Offered knowledge of Sandblast by Vehumet.
  5804 | D:7      | Reached ** piety under Vehumet
  5890 | D:7      | Reached skill level 7 in Spellcasting
  5890 | D:7      | Reached skill level 5 in Conjurations
  5937 | D:7      | Reached XP level 9. HP: 58/58 MP: 19/19
  5939 | D:7      | Learned a level 1 spell: Sandblast
  6014 | D:7      | Found a broken altar of Ashenzari.
  7021 | D:8      | Identified the +2 robe of Terror {Str+4 Int+2}
  7358 | D:9      | Noticed a troll
  7362 | D:9      | Killed a troll
  7363 | D:9      | Reached skill level 8 in Spellcasting
  7448 | D:9      | Offered knowledge of Ignite Poison by Vehumet.
  7460 | D:9      | Noticed Prince Ribbit
  7472 | D:9      | Killed Prince Ribbit
  7473 | D:9      | Reached skill level 1 in Fighting
  7680 | D:9      | Gained mutation: You regenerate health from kills. [demonic
                  | ancestry]
  7680 | D:9      | Reached XP level 10. HP: 38/65 MP: 19/22
  7926 | D:9      | Noticed a two-headed ogre
  7955 | D:9      | Killed a two-headed ogre
  7955 | D:9      | Reached *** piety under Vehumet
  8147 | D:9      | Reached skill level 9 in Spellcasting
  8171 | D:9      | Got the Spellbook of Translocation and Envenoming
  8214 | D:9      | Learned a level 3 spell: Mephitic Cloud
  8218 | D:9      | Learned a level 3 spell: Ignite Poison
  8224 | D:9      | Learned a level 5 spell: Fireball
  8239 | D:10     | Entered Level 10 of the Dungeon
  8376 | D:10     | Offered knowledge of Olgreb's Toxic Radiance by Vehumet.
  8459 | D:10     | Found a portal to a secret trove of treasure.
  8677 | D:10     | Noticed an elephant
  8687 | D:10     | Killed an elephant
  8710 | D:10     | Found a staircase to the Lair.
  8722 | D:10     | Noticed a two-headed ogre
  8725 | D:10     | Reached skill level 1 in Maces & Flails
  8745 | D:10     | Reached skill level 10 in Spellcasting
  8746 | D:10     | Killed a two-headed ogre
  8747 | D:10     | Reached skill level 10 in Fire Magic
  8776 | D:10     | Noticed a gargoyle
  8780 | D:10     | Found a transporter.
  8780 | D:10     | Found a transporter.
  8782 | D:10     | Noticed a four-headed hydra
  8786 | D:10     | Noticed a centaur warrior
  8877 | D:10     | Found a hazy altar of Hepliaklqana.
  8877 | D:10     | Found a hide-covered altar of Uskayaw.
  9327 | D:10     | Found an opulent altar of Gozag.
  9355 | D:10     | Learned a level 4 spell: Olgreb's Toxic Radiance
  9364 | D:11     | Noticed a gargoyle
  9368 | D:11     | Killed a gargoyle
  9369 | D:11     | Gained mutation: You have a pair of horns on your head.
                  | [demonic ancestry]
  9369 | D:11     | Reached XP level 11. HP: 70/70 MP: 9/25
  9424 | D:11     | Reached skill level 1 in Poison Magic
  9550 | D:11     | Noticed Lodul
  9558 | D:11     | Killed Lodul
  9567 | D:11     | Reached **** piety under Vehumet
  9658 | D:11     | Noticed a purple ugly thing
  9661 | D:11     | Killed a purple ugly thing
  9709 | D:11     | Offered knowledge of Yara's Violent Unravelling by Vehumet.
  9798 | D:11     | Reached skill level 11 in Spellcasting
  9832 | D:11     | Noticed a two-headed ogre
  9841 | D:11     | Killed a two-headed ogre
  9842 | D:11     | Reached skill level 1 in Transmutations
  9893 | D:11     | Reached skill level 5 in Poison Magic
 10046 | D:11     | Found Vonelolep's Serpentskin Sales.
 10298 | D:12     | Noticed Nessos
 10306 | D:12     | Killed Nessos
 10512 | D:12     | Found a staircase to the Orcish Mines.
 10559 | D:12     | Noticed a seven-headed hydra
 10569 | D:12     | HP: 3/70 [seven-headed hydra (2)]
 10569 | D:12     | HP: 1/70 [seven-headed hydra (2)]
 10569 | D:12     | Slain by a seven-headed hydra

Illustrated notes

Levels and vault maps discovered:
D:1:      minmay_arrival_four_loops, layout_loops_ring
D:2:      layout_loops_ring
D:3:      layout_loops_ring, nicolae_overflow_hidden_temple, serial_shops,
          nicolae_shop_waterfront, shapermc_ecumenical_altar_mp_vishouse
D:4:      layout_basic, kennysheep_slug_shrine, mainiacjoe_overflow_catwalk,
          lemuel_crystal_altar, hangedman_abyss_or_decor_lesser_grid
D:5:      layout_cave_pools, xom_teletrap_fun, minmay_temple_entry_overgrown,
          grunt_ministairs_15, uniq_menkaure, uniq_sigmund
D:6:      layout_basic
D:7:      layout_layer_cave, evilmike_ruin_ashenzari,
          nicolae_shop_i_like_big_books, nicolae_grassy_gnolls
D:8:      layout_rooms, serial_glass, glass_columns_a, glass_columns_a
D:9:      layout_roguey, minmay_misc_feat_diagonals, uniq_prince_ribbit1
D:10:     minmay_general_purpose_star, layout_long_grid,
          gammafunk_temple_overflow_arena, mainiacjoe_overflow_small_starburst,
          gammafunk_temple_overflow_statue, david_lair_generic, enter_trove_0,
          hex_medium, minivault_26
D:11:     layout_rooms, guppyfry_shop_venom, uniq_lodul
D:12:     layout_roguey, minmay_orc_entry_temple_small,
          nicolae_yredelemnul_corpse_copse, uniq_jorgrun, uniq_nessos

Skill      XL: |  1  2  3  4  5  6  7  8  9 10 11 |
---------------+----------------------------------+-----
Fire Magic     | 3 4 5 6 7 8 10 | 10.4
Dodging        | 2 3 |  3.0
Conjurations   | 2 3 4 5 7 |  7.4
Spellcasting   | 3 4 5 7 8 10 11 | 11.3
Fighting       | 1 |  1.2
Maces & Flails | 1 2 |  2.1
Poison Magic   | 5 |  5.4
Transmutations | 1 |  1.3
Stealth        | |  1.7

Action                   |  1- 3 |  4- 6 |  7- 9 | 10-12 || total
-------------------------+-------+-------+-------+-------++-------
Melee: Whip              |     6 |    15 |    11 |    42 ||    74
       Headbutt          |       |     5 |     6 |    10 ||    21
       Punch             |       |       |       |     2 ||     2
 Cast: Foxfire           |    66 |    59 |   204 |    79 ||   408
       Scorch            |     6 |    13 |    47 |    28 ||    94
       Flame Wave        |       |       |     3 |     1 ||     4
       Fireball          |       |       |       |    10 ||    10
       Conjure Flame     |       |       |       |     3 ||     3
       Ignite Poison     |       |       |       |    29 ||    29
       Mephitic Cloud    |       |       |       |     1 ||     1
       Olgreb's Toxic Ra |       |       |       |    26 ||    26
  Use: Scroll            |       |    12 |     4 |       ||    16
 Stab: Paralysed         |       |       |     4 |     5 ||     9
Armor: Robe              |     6 |    12 |    16 |    29 ||    63
Dodge: Dodged            |    22 |    23 |     8 |    31 ||    84
